 Dungeon Crawl Stone Soup version 0.28-a0-1182-g381e24db82 (webtiles) character file.

Game seed: 3782645071163205883

31 ChaosChampion the Insei (level 3, 0/23 HPs)
             Began as an Octopode Transmuter on Dec 17, 2021.
             Slain by a goblin (7 damage)
             ... led by Robin
             ... on level 2 of the Dungeon.
             The game lasted 00:00:49 (954 turns).

ChaosChampion the Insei (Octopode Transmuter)        Turns: 954, Time: 00:00:49

Health: 0/23       AC:  1    Str:  9    XL:     3   Next: 22%
Magic:  4/6        EV: 13    Int: 17    God:
Gold:   48         SH:  0    Dex: 12    Spells: 3/6 levels left

rFire   . . .      SeeInvis .     - Unarmed
rCold   . . .      Faith    .   (no shield)
rNeg    . . .      Spirit   .   (helmet restricted)
rPois   .          Reflect  .   (no amulet)
rElec   .          Harm     .   (no ring)
rCorr   .          Rampage  .   (no ring)
Will    .....                   (no ring)
Stlth   ++........              (no ring)
HPRegen 0.07/turn               (no ring)
MPRegen 0.10/turn               (no ring)
                                (no ring)
                                (no ring)

@: wereblooded
A: almost no armour, amphibious, 8 rings, camouflage 1, gelatinous body 1,
(nimble swimmer 1), tentacles
a: no special abilities


You were on level 2 of the Dungeon.
You visited 1 branch of the dungeon, and saw 2 of its levels.

You collected 48 gold pieces.

Inventory:

Scrolls
 a - a scroll of acquirement {unknown}
Potions
 b - a potion of curing {unknown}
 c - a potion of haste {unknown}


   Skills:
 - Level 1.0 Fighting
 - Level 2.0 Dodging
 * Level 3.9 Unarmed Combat
 - Level 2.0 Spellcasting
 + Level 2.5 Transmutations


You had 3 spell levels left.
You knew the following spells:

 Your Spells              Type           Power      Damage    Failure   Level
a - Beastly Appendage     Tmut           20%        N/A       7%          1
b - Wereblood             Tmut           10%        N/A       11%         2

Your spell library contained the following spells:

 Spells                   Type           Power      Damage    Failure   Level
 Corpse Rot               Necr/Air       2%         N/A       28%         2
 Poisonous Vapours        Pois/Air       2%         N/A       28%         2
 Spider Form              Tmut/Pois      6%         N/A       34%         3
 Ice Form                 Ice/Tmut       6%         N/A       75%         4
 Petrify                  Tmut/Erth      6%         N/A       75%         4
 Metabolic Englaciation   Hex/Ice        0%         N/A       99%         5
 Statue Form              Tmut/Erth      4%         N/A       100%        6


Dungeon Overview and Level Annotations

Branches:
Dungeon (2/15)

Altars:

Annotations:
D:2 Robin


Innate Abilities, Weirdness & Mutations

You cannot wear most types of armour.
You are amphibious.
You can wear up to eight rings at the same time.
Your skin changes colour to match your surroundings (Stealth+).
Your rubbery body absorbs attacks. (AC +1, EV +1)
((You are camouflaged near water. (Stealth+)))
You have tentacles for arms and can constrict up to eight enemies at once.


Message History

You kill the goblin!
You hear a shout! x2
The goblin barely misses you.
A hobgoblin comes into view.
The goblin barely misses you. The goblin hits you with a +0 dagger.
Robin roars a battlecry!
The goblins go into a battle-frenzy!
You barely miss the goblin. Your grab misses the goblin. The goblin misses you.
A goblin comes into view. It is wielding a +0 dagger.
The goblin closely misses you.
You tentacle-slap the goblin. Your grab misses the goblin.
Your tentacle spike misses the goblin.
The goblin is heavily wounded.
The goblin hits you with a +0 dagger. The goblin barely misses you. x2
The goblin misses you.
You tentacle-slap the goblin but do no damage.
Your grab misses the goblin.
The goblin is heavily wounded.
The goblin misses you. The goblin closely misses you.
The goblin barely misses you.
You barely miss the goblin. You grab the goblin.
The goblin is heavily wounded.
You constrict the goblin. The goblin barely misses you.
The goblin hits you but does no damage. The goblin hits you with a +0 club.
The goblin closely misses you.
You barely miss the goblin.
You pierce the goblin.
You feel a bit better.
You kill the goblin!
Your tentacle spike disappears.
The goblin closely misses you. Robin throws the goblin at you!
The goblin barely misses you. The goblin hits you with a +0 dagger.
You are too injured to fight recklessly!
You are too injured to fight recklessly!
You are too injured to fight recklessly!
You are too injured to fight recklessly!
You are too injured to fight recklessly!
You are too injured to fight recklessly!
You are too injured to fight recklessly!
You are too injured to fight recklessly!
The goblin hits you with a +0 club!
You die...

##.# #...# ##...#########
.............# #
###.###.##.#....####### #
....###.##.#..........# #
#.........#..........# #
#....)gg.##..........# #
###$#g.@.##........[.###
....ggg#####.............
....g## ####.......###
.... #.......### .g.
#.......... ..
#.......### . #.......#
#.......# #.......#


You could see Robin, a hobgoblin (strong) and 6 goblins.

Vanquished Creatures
  A dart slug (D:1)
  An endoplasm (D:1)
  3 giant cockroaches
  4 goblins
  A hobgoblin (D:1)
  3 kobolds
  2 quokkas
  3 ball pythons (D:1)
  3 bats (D:1)
  A frilled lizard (D:1)
  5 rats
27 creatures vanquished.

Notes
Turn   | Place    | Note
-------+----------+-------------------------------------------
     0 | D:1      | ChaosChampion the Octopode Transmuter began the quest for
                  | the Orb.
     0 | D:1      | Reached XP level 1. HP: 13/13 MP: 3/3
   260 | D:1      | Reached XP level 2. HP: 18/18 MP: 3/5
   268 | D:1      | Learned a level 2 spell: Wereblood
   832 | D:2      | Reached XP level 3. HP: 21/23 MP: 2/6
   945 | D:2      | Noticed Robin
   954 | D:2      | Slain by a goblin

Illustrated notes

Levels and vault maps discovered:
D:1:      amcnicky_arrival_feature_with_door, layout_basic
D:2:      layout_basic, minmay_rat_gold_closets, uniq_robin

Action                   || total
-------------------------++-------
Melee: Unarmed           ||    57
       Kick              ||     8
       Constrict         ||    17
       Punch             ||     1
       Tentacles         ||     7
 Cast: Beastly Appendage ||    16
       Wereblood         ||     3
 Stab: Sleeping          ||     7
       Distracted        ||     1
Armor: Skin              ||     4
Dodge: Dodged            ||    49

Table legend: (Time is in decaauts)
 A = Elapsed time spent in this place.
 B = Non-inter-level travel time spent in this place.
 C = Inter-level travel time spent in this place.
 D = Time resting spent in this place.
 E = Time spent auto-exploring this place.
 F = Levels seen in this place.
 G = Mean time per level.
                   A        B        C        D        E       F      G
               +--------+--------+--------+--------+--------+-----+--------+
         Total |    949 |    940 |      9 |      0 |    763 |   2 |  474.5 |
       Dungeon |    949 |    940 |      9 |      0 |    763 |   2 |  474.5 |
               +--------+--------+--------+--------+--------+-----+--------+

Top non-repeatable levels by time:
     D:1: 798 daAuts
     D:2: 151 daAuts
